 Dungeon Crawl Stone Soup version 0.29-a0-813-g4a14ea37d6 (webtiles) character file.

Game seed: 1864467683337712075

127 LynnLen the Covert (level 4, -1/24 HPs)
             Began as a Vampire Enchanter on July 4, 2022.
             Slain by an orc wizard
             ... wielding a +0 dagger
              (3 damage)
             ... on level 4 of the Dungeon.
             The game lasted 00:10:20 (3625 turns).

LynnLen the Covert (Vampire Enchanter)              Turns: 3625, Time: 00:10:20

Health: -1/24      AC:  5    Str:  7    XL:     4   Next: 85%
Magic:  2/7        EV: 12    Int: 17    God:
Gold:   204        SH:  0    Dex: 16    Spells: 1/7 levels left

rFire   . . .      SeeInvis +   a - +1 dagger
rCold   + + .      Faith    .   (no shield)
rNeg    + + +      Spirit   .   d - +0 leather armour
rPois   ∞          Reflect  .   (no helmet)
rElec   .          Harm     .   (no cloak)
rCorr   .          Rampage  .   o - +0 pair of gloves
Will    .....                   k - +0 pair of boots
Stlth   ++++++....              (no amulet)
HPRegen 0.00/turn               (no ring)
MPRegen 0.10/turn               (no ring)

@: attractive, flying, bloodless, inhibited regen, invisible
A: bloodless, fangs 3, see invisible, vampiric 2
a: Bat Form, Revivify


You were on level 4 of the Dungeon.
You visited 1 branch of the dungeon, and saw 4 of its levels.

You collected 204 gold pieces.

Inventory:

Hand Weapons
 a - a +1 dagger (weapon)
Missiles
 f - 2 silver boomerangs (quivered)
Armour
 d - a +0 leather armour (worn)
 k - a +0 pair of boots (worn)
 o - a +0 pair of gloves (worn)
Wands
 l - a wand of flame (21)
Scrolls
 e - a scroll of enchant armour {unknown}
 j - a scroll of blinking {unknown}
 m - a scroll of vulnerability {unknown}
Potions
 b - 2 potions of resistance
 g - 2 potions of cancellation
 h - 2 potions of attraction


   Skills:
 + Level 1.2 Short Blades
 * Level 2.6 Dodging
 * Level 8.0 Stealth
 + Level 2.1 Spellcasting
 + Level 4.6 Hexes


You had one spell level left.
You knew the following spells:

 Your Spells              Type           Power      Damage    Failure   Level
a - Confusing Touch       Hex            17%        N/A       13%         3
b - Tukima's Dance        Hex            17%        N/A       13%         3

Your spell library contained the following spells:

 Spells                   Type           Power      Damage    Failure   Level
 Ensorcelled Hibernation  Hex/Ice        18%        N/A       17%         2
 Dazzling Flash           Conj/Hex       18%        N/A       32%         3
 Ozocubu's Armour         Ice            1%         N/A       65%         3
 Ozocubu's Refrigeration  Ice            0%         4d5       100%        7


Dungeon Overview and Level Annotations

Branches:
Dungeon (4/15)
 Temple: D:4-7

Altars:


Innate Abilities, Weirdness & Mutations

You do not regenerate when monsters are visible.
You are frail without blood (-20% HP).
You can heal yourself when you bite living creatures.
You are immune to poison.
You have razor-sharp teeth.
You have supernaturally acute eyesight. (SInv)
You are afflicted with vampirism and can become a bat while bloodless.


Message History

You hit the orc wizard.
The orc wizard is moderately wounded.
The orc wizard hits you with a +0 dagger.
You closely miss the orc wizard.
The orc wizard is moderately wounded.
The orc wizard mumbles some strange words.
The orc wizard flickers and vanishes for a moment.
You closely miss the orc wizard. Your bite misses the orc wizard.
The orc wizard is moderately wounded.
You barely miss the orc wizard. Your punch misses the orc wizard.
Your bite misses the orc wizard.
The orc wizard is moderately wounded.
The orc wizard hits you with a +0 dagger.
Your magical contamination has completely faded away.
You closely miss the orc wizard.
The orc wizard is moderately wounded.
The orc wizard points at you and mumbles some strange words.
You resist with some effort.
Okay, then.
You hit the orc wizard. You bite the orc wizard.
You draw the orc wizard's blood!
You feel better.
The orc wizard is moderately wounded.
The orc wizard hits you but does no damage.
The orc wizard casts a spell at you. The magic dart hits you!
* * * LOW HITPOINT WARNING * * *
The orc wizard hits you but does no damage.
There is a stone staircase leading up here.
It was a potion of attraction.
You feel attractive to monsters.
The orc wizard points at you and mumbles some strange words.
The magic dart hits you.
* * * LOW HITPOINT WARNING * * *
It was a potion of flight.
You feel very buoyant.
You fly up into the air.
The orc wizard hits you but does no damage.
You fade into invisibility!
The orc wizard hits you with a +0 dagger.
You die...

# #.# ...o#######
# #.#
..oo.o....##
.####.#
..#.####...##
...##.##
##.....###
...>... ..
##.......... #..
#.#
..####.o....###.#
#.###.#
....##@...[.# #
#.....#
#.#.##......###
)..##.##
#.#.###.........
#####<.#
#.#.###.........
# ##.#
#.#.##......####
# .#
#..........## ##
.# ####.#...###
.. .# #.##.## .#
## #)##.#


You could see an orc wizard (invisible, unable to see you).

Vanquished Creatures
  Jessica (D:3)
  A gnoll (D:3)
  3 adders
  2 worms (D:2)
  4 orcs (D:3)
  5 ball pythons
  5 endoplasms
  2 giant cockroaches
  2 goblins
  4 hobgoblins
  3 quokkas
  3 bats
  6 frilled lizards
  2 kobolds
  4 rats
47 creatures vanquished.

Vanquished Creatures (collateral kills)
  A gnoll (D:3)
1 creature vanquished.

Vanquished Creatures (others)
  13 fungi (D:4)
13 creatures vanquished.

Grand Total: 61 creatures vanquished

Notes
Turn   | Place    | Note
-------+----------+-------------------------------------------
     0 | D:1      | LynnLen the Vampire Enchanter began the quest for the Orb.
     0 | D:1      | Reached XP level 1. HP: 13/13 MP: 3/3
   767 | D:1      | Reached skill level 5 in Stealth
   767 | D:1      | Reached XP level 2. HP: 8/15 MP: 5/5
  1100 | D:2      | Found a faded altar of an unknown god.
  1382 | D:2      | Reached skill level 6 in Stealth
  1496 | D:2      | Gained mutation: You are afflicted with vampirism and can
                  | become a bat while bloodless. [Vampire growth]
  1496 | D:2      | Reached XP level 3. HP: 19/19 MP: 6/6
  1500 | D:2      | Learned a level 3 spell: Confusing Touch
  1504 | D:2      | Learned a level 3 spell: Tukima's Dance
  2113 | D:3      | Reached skill level 7 in Stealth
  2113 | D:3      | Reached XP level 4. HP: 11/24 MP: 3/7
  2645 | D:3      | Noticed Jessica
  2652 | D:3      | Killed Jessica
  3362 | D:3      | Reached skill level 8 in Stealth
  3625 | D:4      | Slain by an orc wizard

Illustrated notes

Levels and vault maps discovered:
D:1:      evilmike_arrival_fibonacci_small, layout_basic,
          kennysheep_flooded_box, chequers_serial_rivers_micro_a
D:2:      layout_loops_ring, basic_ecumenical_altar, kennysheep_cluttered_room
D:3:      layout_loops_cross, minmay_fractal_squares_diagonal_5, uniq_jessica
D:4:      layout_loops_ring, dancing_weapons_uskayaw,
          mainiacjoe_overflow_concentric_impassable,
          mainiacjoe_overflow_catch_the_wave, minmay_quantized, uniq_natasha

Skill      XL: |  1  2  3  4 |
---------------+-------------+-----
Stealth        | 5 6 7 8 |  8.0
Short Blades   | |  1.2
Dodging        | |  2.6
Spellcasting   | |  2.1
Hexes          | |  4.6

Action                   |  1- 3 |  4- 6 || total
-------------------------+-------+-------++-------
Melee: Dagger            |    67 |    78 ||   145
       Bite              |     3 |     9 ||    12
 Cast: Confusing Touch   |     2 |       ||     2
       Tukima's Dance    |       |     3 ||     3
 Abil: Exsanguinate      |     1 |       ||     1
  Use: Scroll            |     4 |     1 ||     5
       Potion            |       |     4 ||     4
 Stab: Sleeping          |    18 |     7 ||    25
       Confused          |     2 |       ||     2
       Distracted        |     1 |       ||     1
Armor: Leather armour    |     8 |    22 ||    30
Dodge: Dodged            |    22 |    56 ||    78

Table legend: (Time is in decaauts)
 A = Elapsed time spent in this place.
 B = Non-inter-level travel time spent in this place.
 C = Inter-level travel time spent in this place.
 D = Time resting spent in this place.
 E = Time spent auto-exploring this place.
 F = Levels seen in this place.
 G = Mean time per level.
                   A        B        C        D        E       F      G
               +--------+--------+--------+--------+--------+-----+--------+
         Total |   3620 |   3620 |      0 |    881 |   1641 |   4 |  905.0 |
       Dungeon |   3620 |   3620 |      0 |    881 |   1641 |   4 |  905.0 |
               +--------+--------+--------+--------+--------+-----+--------+

Top non-repeatable levels by time:
     D:3: 1306 daAuts
     D:2: 1154 daAuts
     D:1: 1037 daAuts
     D:4: 121 daAuts
